 Dungeon Sprint DCSS version 0.18.1-48-g4cf74bf (webtiles) character file.

74 tyranidshit the Fighter (level 4, -2/45 HPs)
             Began as a Demonspawn Abyssal Knight on Sept 10, 2016.
             Was an Elder of Lugonu.
             Slain by an ice beast (4 damage)
             ... in the Dungeon (Sprint IX: "|||||||||||||||||||||||||||||").
             The game lasted 00:02:03 (202 turns).

tyranidshit the Fighter (Demonspawn Abyssal Knight)  Turns: 202, Time: 00:02:03

Health: -2/45      AC: 14    Str: 17    XL:     4   Next: 9%
Magic:  5/5        EV:  7    Int: 13    God:    Lugonu [****..]
Gold:   0          SH:  2    Dex: 12    Spells: 0 memorised, 3 levels left

rFire  . . .     SeeInvis .     o - +3 war axe (chop)
rCold  . . .     Gourm    .     s - +1 chain mail
rNeg   . . .     Faith    .     (no shield)
rPois  .         Spirit   .     (no helmet)
rElec  .         Dismiss  .     (no cloak)
rCorr  .         Reflect  .     (no gloves)
SustAt .         Harm     .     p - +0 pair of boots
MR     .....     NoTele   +     (no amulet)
Stlth  ..........               r - +3 ring of strength
                                q - +2 ring of protection

@: not resistant to hostile enchantments, extremely unstealthy
A: large bone plates 1, foul stench 1, rot immunity
a: Bend Space, Banish, Corrupt, Renounce Religion


You were in the Dungeon.
You worshipped Lugonu.
Lugonu was greatly pleased with you.
You were not hungry.

You visited 1 branch

Inventory:

Hand Weapons
 a - a +1 hand axe
 o - a +3 war axe of chopping (weapon)
Armour
 b - a +0 leather armour
 p - a +0 pair of boots (worn)
 s - a +1 chain mail (worn)
Magical Staves
 n - an uncursed staff of energy
Jewellery
 q - a +2 ring of protection (left hand)
 r - a +3 ring of strength (right hand)
Wands
 m - a wand of acid (7/15)
Scrolls
 i - 2 scrolls of blinking
 k - 3 scrolls of remove curse
 l - 2 scrolls of amnesia
Potions
 d - 5 potions of curing
 e - a potion of invisibility
 f - a potion of haste
 g - 4 potions of magic
 h - a potion of berserk rage
 j - 2 potions of heal wounds
Comestibles
 c - a bread ration


   Skills:
 + Level 8.5 Fighting
 - Level 1.8 Axes
 - Level 1.9 Armour
 - Level 0.8 Dodging
 - Level 2.5 Invocations


You had 3 spell levels left.
You didn't know any spells.

Dungeon Overview and Level Annotations

Branches:
Dungeon (1/1)

Altars:
Cheibriados
Dithmenos
Elyvilon
Fedhas
Gozag
Kikubaaqudgha
Makhleb
Nemelex Xobeh
Okawaru
Pakellas
Qazlal
Ru
Sif Muna
Trog
Vehumet
Xom
Yredelemnul
Zin
The Shining One
Beogh
Jiyva
Lugonu


Innate Abilities, Weirdness & Mutations

You are partially covered in large bone plates (AC +2, SH +2).
You may emit foul miasma when damaged in melee.
You are immune to rotting.


Message History

The ice beast is lightly wounded.
You hit the crimson imp.
The crimson imp is moderately wounded.
The ice beast hits you. The ice beast freezes you!
The crimson imp hits you but does no damage.
The ice beast hits you but does no damage.
The crimson imp blinks!
You barely miss the ice beast.
The ice beast is lightly wounded.
You hit the crimson imp.
The crimson imp is heavily wounded.
The ice beast hits you. The ice beast freezes you!
* * * LOW HITPOINT WARNING * * *
The crimson imp barely misses you.
You barely miss the ice beast.
The ice beast is lightly wounded.
You slash the crimson imp!
The crimson imp is almost dead.
The ice beast hits you.
You die...

▓_▓
▓_▓
▓'▓
▓.▓
▓.▓
▓.▓
▓)▓
▓5▓
▓@▓
▓Y▓
▓Z▓
▓F▓
▓F▓
▓.▓
▓.▓
▓.▓
▓.▓


You could see an ice beast, 2 giant frogs, a crimson imp and a jackal skeleton.

Vanquished Creatures
  A crimson imp (D)
  A jelly (D)
  An orc (D)
  A bat zombie (D)
  A giant cockroach (D)
  2 hobgoblins (D)
  A quokka (D)
  A giant newt (D)
  2 rats (D)
11 creatures vanquished.

Notes
Turn   | Place    | Note
--------------------------------------------------------------
     0 | D        | tyranidshit the Demonspawn Abyssal Knight began the quest for the Orb.
     0 | D        | Reached XP level 1. HP: 18/18 MP: 2/2
     6 | D        | Reached ** piety under Lugonu
     9 | D        | Reached skill level 4 in Fighting
    19 | D        | Noticed a crimson imp
    19 | D        | Noticed a jelly
    22 | D        | Reached *** piety under Lugonu
    28 | D        | Gained mutation: You are partially covered in large bone plates (AC +2, SH +2). [demonic ancestry]
    28 | D        | Reached XP level 2. HP: 12/26 MP: 3/3
    34 | D        | Reached skill level 5 in Fighting
    40 | D        | Reached **** piety under Lugonu
    40 | D        | Reached skill level 7 in Fighting
    40 | D        | Gained mutation: You are immune to rotting. [demonic ancestry]
    40 | D        | Reached XP level 3. HP: 5/36 MP: 4/4
    40 | D        | HP: 1/36 [crimson imp (4)]
    86 | D        | Reached skill level 8 in Fighting
    86 | D        | Gained mutation: You may emit foul miasma when damaged in melee. [demonic ancestry]
    86 | D        | Reached XP level 4. HP: 20/45 MP: 5/5
   101 | D        | Found a glowing silver altar of Zin.
   101 | D        | Found a glowing golden altar of the Shining One.
   101 | D        | Found an ancient bone altar of Kikubaaqudgha.
   101 | D        | Found a basalt altar of Yredelemnul.
   101 | D        | Found a shimmering altar of Xom.
   101 | D        | Found a radiant altar of Vehumet.
   102 | D        | Found an iron altar of Okawaru.
   103 | D        | Found a burning altar of Makhleb.
   104 | D        | Found a deep blue altar of Sif Muna.
   105 | D        | Found a bloodstained altar of Trog.
   106 | D        | Found a sparkling altar of Nemelex Xobeh.
   107 | D        | Found a white marble altar of Elyvilon.
   108 | D        | Found a roughly hewn altar of Beogh.
   109 | D        | Found a viscous altar of Jiyva.
   110 | D        | Found a corrupted altar of Lugonu.
   111 | D        | Found a blossoming altar of Fedhas.
   112 | D        | Found a snail-covered altar of Cheibriados.
   113 | D        | Found a shadowy altar of Dithmenos.
   114 | D        | Found a stormy altar of Qazlal.
   115 | D        | Found an opulent altar of Gozag.
   116 | D        | Found a sacrificial altar of Ru.
   117 | D        | Found an oddly glowing altar of Pakellas.
   191 | D        | Noticed an ice beast
   191 | D        | Noticed a giant frog
   191 | D        | Noticed a giant frog
   201 | D        | HP: 2/45 [ice beast (13)]
   202 | D        | Slain by an ice beast

Skill      XL: |  1  2  3 |
---------------+----------+-----
Fighting       | 4 7 8 |  8.5
Axes           | |  1.8
Armour         | |  1.9
Dodging        | |  0.8
Invocations    | |  2.5

Action                   |  1- 3 |  4- 6 || total
-------------------------+-------+-------++-------
Melee: Hand axe          |    63 |       ||    63
       War axe           |       |     8 ||     8
  Use: Potion            |     1 |       ||     1
Armor: Leather armour    |    14 |       ||    14
       Chain mail        |       |    14 ||    14
Dodge: Dodged            |    32 |     5 ||    37
Block: Other             |     1 |       ||     1
